 Dungeon Crawl Stone Soup version 0.28-a0-983-g1de4e0787c (webtiles) character file.

Game seed: 17248154703070445797

114 Decritt the Gusty (level 4, 0/25 HPs)
             Began as a Tengu Air Elementalist on Dec 3, 2021.
             Slain by an adder (2 damage)
             ... on level 3 of the Dungeon.
             The game lasted 00:07:16 (2668 turns).

Decritt the Gusty (Tengu Air Elementalist)          Turns: 2668, Time: 00:07:17

Health: 0/25       AC:  3    Str:  9    XL:     4   Next: 97%
Magic:  8/8        EV: 12    Int: 17    God:
Gold:   63         SH:  0    Dex: 14    Spells: 6/7 levels left

rFire   . . .      SeeInvis .   h - +0 dagger (venom)
rCold   . . .      Faith    .   (no shield)
rNeg    . . .      Spirit   .   d - +0 leather armour
rPois   .          Reflect  .   (helmet restricted)
rElec   .          Harm     .   (no cloak)
rCorr   .          Rampage  .   (no gloves)
Will    .....                   (boots unavailable)
Stlth   ++........              (no amulet)
HPRegen 0.08/turn               (no ring)
MPRegen 0.11/turn               (no ring)

@: no status effects
A: beak, talons 3
a: no special abilities


You were on level 3 of the Dungeon.
You visited 1 branch of the dungeon, and saw 3 of its levels.

You collected 63 gold pieces.

Inventory:

Hand Weapons
 b - a +0 flail
 h - a +0 dagger of venom (weapon)
Armour
 a - a +0 robe
 d - a +0 leather armour (worn)
Wands
 i - a wand of charming (11)
Scrolls
 e - a scroll of fog {unknown}
 k - a scroll of identify {unknown}
 l - a scroll of enchant weapon {unknown}


   Skills:
 + Level 1.4 Fighting
 + Level 2.9 Dodging
 - Level 2.0 Stealth
 + Level 2.4 Spellcasting
 - Level 3.0 Conjurations
 * Level 5.3 Air Magic


You had 6 spell levels left.
You knew the following spells:

 Your Spells              Type           Power      Damage    Failure   Level
a - Shock                 Conj/Air       64%        1d7       4%          1

Your spell library contained the following spells:

 Spells                   Type           Power      Damage    Failure   Level
 Static Discharge         Conj/Air       16%        N/A       7%          2
 Swiftness                Air            20%        N/A       9%          3
 Airstrike                Air            10%        N/A       28%         4
 Stone Arrow              Conj/Erth      14%        3d7       38%         3
 Animate Armour           Summ/Erth      4%         N/A       95%         4
 Lehudib's Crystal Spear  Conj/Erth      3%         10d3      100%        8


Dungeon Overview and Level Annotations

Branches:
Dungeon (3/15)

Altars:

Shops:
D:1 (


Innate Abilities, Weirdness & Mutations

You have a beak for a mouth.
You have claws for feet.


Message History

You feel sick.
You feel sick.
You feel sick. The adder bites you.
* * * LOW HITPOINT WARNING * * *
You feel sick.
You are no longer poisoned.
There is an open door here.
The adder bites you.
* * * LOW HITPOINT WARNING * * *
You are poisoned.
The adder poisons you!
Okay, then.
Okay, then.
It was a potion of might.
You feel very mighty all of a sudden.
You feel sick. The adder bites you.
* * * LOW HITPOINT WARNING * * *
It was a potion of magic.
Magic courses through your body.
You feel sick. The adder bites you but does no damage.
A sky beast appears from thin air!
Reactivating autopickup.
You feel sick.
The sky beast flickers out of sight!
Deactivating autopickup; reactivate with Ctrl-A.
It was a potion of flight.
You feel very buoyant.
You fly up into the air.
You feel sick. The adder barely misses you.
It was a potion of cancellation.
Your magical effects are unravelling.
You feel magically purged.
You float gracefully downwards.
You feel a little less mighty now.
You feel sick.
You are no longer poisoned.
The adder misses you. The adder bites you but does no damage.
The adder barely misses you. The adder misses you.
Items here: ( )) ÷.
The adder closely misses you.
A sky beast appears from thin air!
Reactivating autopickup.
The adder bites you.
You die...

##### ########...##### ####
#######...#..........###...
#.......#...#..#####..#..##
#>........@SS.##...##...##
###.....#####.#.....#####..
#.....# #)#............
#.....# #Y#.....#####..
#########.....#
#§##...##...# .
...........####
#g###.##.....##
############ #.r##.#
..r...# ##...### ##..'.#
...S..' ##.#...# ####.# #


You could see 2 adders.

Vanquished Creatures
  An iguana (D:3)
  A gnoll (D:1)
  2 worms
  A dart slug (D:2)
  5 ball pythons
  7 endoplasms
  3 giant cockroaches (D:1)
  9 goblins
  6 hobgoblins
  5 jackals
  3 quokkas
  8 bats
  6 frilled lizards
  7 kobolds
  2 rats
66 creatures vanquished.

Notes
Turn   | Place    | Note
-------+----------+-------------------------------------------
     0 | D:1      | Decritt the Tengu Air Elementalist began the quest for the
                  | Orb.
     0 | D:1      | Reached XP level 1. HP: 10/10 MP: 4/4
     9 | D:1      | Reached XP level 2. HP: 16/16 MP: 1/6
   171 | D:1      | Reached XP level 3. HP: 17/20 MP: 4/7
   861 | D:1      | Found Piargh's Weapon Emporium.
  1561 | D:2      | Reached skill level 1 in Fighting
  1561 | D:2      | Reached XP level 4. HP: 25/25 MP: 6/8
  1955 | D:3      | Reached skill level 5 in Air Magic
  2635 | D:3      | Identified the +0 scale mail of the Game Afoot {Dex+4}
  2635 | D:3      | Noticed a sky beast
  2668 | D:3      | Slain by an adder

Illustrated notes

Levels and vault maps discovered:
D:1:      scummos_arrival_star, layout_basic, serial_shops,
          nicolae_shop_hallway_plus
D:2:      layout_loops_cross
D:3:      minmay_octagon_keep, layout_basic, uniq_crazy_yiuf_cottage,
          uniq_sigmund, uniq_terence

Skill      XL: |  1  2  3  4 |
---------------+-------------+-----
Conjurations   | 2 3 |  3.0
Fighting       | 1 |  1.4
Air Magic      | 5 |  5.3
Dodging        | |  2.9
Stealth        | |  2.0
Spellcasting   | |  2.4

Action                   |  1- 3 |  4- 6 || total
-------------------------+-------+-------++-------
Melee: Flail             |    39 |       ||    39
       Kick              |    12 |     6 ||    18
       Unarmed           |     3 |       ||     3
       Dagger            |     3 |    19 ||    22
       Peck              |     1 |     4 ||     5
 Cast: Shock             |    53 |    40 ||    93
  Use: Potion            |       |     4 ||     4
Armor: Robe              |    17 |       ||    17
       Leather armour    |       |     7 ||     7
Dodge: Dodged            |    38 |    29 ||    67

Table legend: (Time is in decaauts)
 A = Elapsed time spent in this place.
 B = Non-inter-level travel time spent in this place.
 C = Inter-level travel time spent in this place.
 D = Time resting spent in this place.
 E = Time spent auto-exploring this place.
 F = Levels seen in this place.
 G = Mean time per level.
                   A        B        C        D        E       F      G
               +--------+--------+--------+--------+--------+-----+--------+
         Total |   2682 |   2644 |     38 |    282 |   1946 |   3 |  894.0 |
       Dungeon |   2682 |   2644 |     38 |    282 |   1946 |   3 |  894.0 |
               +--------+--------+--------+--------+--------+-----+--------+

Top non-repeatable levels by time:
     D:1: 937 daAuts
     D:2: 923 daAuts
     D:3: 821 daAuts
